 Dungeon Crawl Stone Soup version 0.24-a0-769-g368c1644f8 (webtiles) character file.

Game seed: 3771559894618836273, levelgen mode: deterministic

224312 Conn the Eclecticist (level 18, -3/110 HPs)
             Began as an Octopode Fire Elementalist on Oct 5, 2019.
             Was a High Priest of Sif Muna.
             Killed from afar by a deep elf mage (19 damage)
             ... with a bolt of fire
             ... on level 1 of the Elven Halls on Oct 6, 2019.
             The game lasted 04:26:39 (47397 turns).

Conn the Eclecticist (Octopode Fire Elementalist)  Turns: 47397, Time: 04:26:39

Health: -3/110     AC:  9    Str: 12    XL:     18   Next: 81%
Magic:  18/56      EV: 17    Int: 28    God:    Sif Muna [*****.]
Gold:   685        SH:  9    Dex: 18    Spells: 2/50 levels left

rFire    x . .     SeeInvis +   t - staff of wizardry
rCold    + . .     Gourm    .   N - +3 buckler {AC+3}
rNeg     . . .     Faith    .   Z - +2 hat of the Vaults {Regen+ Str+3 SInv}
rPois    .         Spirit   .   S - amulet of magic regeneration
rElec    .         Reflect  .   Q - +5 ring of dexterity
rCorr    +         Harm     .   f - ring of resist corrosion
MR       +....                  p - +5 ring of intelligence
Stlth    +++++.....             A - ring of magical power
HPRegen  0.68/turn              c - ring of ice
MPRegen  0.60/turn              (no ring)
                                J - +3 ring of protection
                                e - ring of magical power

@: very slightly contaminated, slowed, studying Ice Magic, invisible, very slow
A: almost no armour, stealthy swim, amphibious, 8 rings, constrict 8, camouflage
1, gelatinous body 1
}: 2/15 runes: serpentine, barnacled
a: Channel Magic, Forget Spell, Divine Exegesis, Renounce Religion


You were on level 1 of the Elven Halls.
You worshipped Sif Muna.
Sif Muna was extremely pleased with you.
You were not hungry.

You visited 7 branches of the dungeon, and saw 33 of its levels.
You also visited: Gauntlet, Ice Cave and Volcano.

You collected 3606 gold pieces.
You spent 2921 gold pieces at shops.

Inventory:

Hand Weapons
 a - a +5 rapier of electrocution
 B - a +9 dagger of freezing
Missiles
 I - 10 curare-tipped darts (quivered)
 P - 90 silver javelins
Armour
 N - a +3 buckler of protection (worn)
 Z - the +2 hat of the Vaults (worn) {Regen+ Str+3 SInv}
   (You found it on level 5 of the Lair of Beasts)

   It affects your strength (+3).
   It lets you see invisible.
   It increases your rate of regeneration.
Magical Staves
 b - an uncursed staff of power
 t - an uncursed staff of wizardry (weapon)
Jewellery
 c - a ring of ice (on tentacle)
 e - a ring of magical power (on tentacle)
 f - a ring of resist corrosion (right tentacle)
 g - an uncursed amulet of the acrobat
 p - a +5 ring of intelligence (on tentacle)
 r - an uncursed ring of flight
 w - an uncursed ring of stealth
 A - a ring of magical power (on tentacle)
 G - a +3 ring of strength
 J - a +3 ring of protection (on tentacle)
 L - the ring of Ascent {Fire Stlth+}
   (You took it off a minotaur in a Gauntlet)

   [ring of fire]

   It enhances your fire magic.
   It protects you from fire.
   It makes you vulnerable to cold.
   It makes you more stealthy.
 O - an uncursed ring of ice
 Q - a +5 ring of dexterity (left tentacle)
 S - an amulet of magic regeneration (around mantle)
Wands
 h - a wand of disintegration (22)
 l - a wand of scattershot (4)
 s - a wand of flame (34)
 D - a wand of random effects (32)
 F - a wand of iceblast (39)
 H - a wand of polymorph (32)
 K - a wand of paralysis (13)
 X - a wand of enslavement (11)
Scrolls
 k - 35 scrolls of identify
 n - 2 scrolls of magic mapping
 o - 15 scrolls of teleportation
 x - 3 scrolls of fog
 E - 11 scrolls of remove curse
 W - 4 scrolls of immolation
Potions
 d - a potion of heal wounds
 i - 10 potions of curing
 m - 6 potions of berserk rage
 q - a potion of mutation {unknown}
 u - 3 potions of lignification
 v - 6 potions of ambrosia
 z - 3 potions of brilliance
 T - 2 potions of flight
 U - a potion of magic
 Y - 2 potions of resistance
Books
 C - a manual of Ice Magic
Miscellaneous
 R - a fan of gales
Comestibles
 j - 45 rations


   Skills:
 + Level 6.2 Fighting
 + Level 5.1 Short Blades
 + Level 5.7 Dodging
 - Level 7.1 Stealth
 + Level 7.0 Shields
 + Level 0.7 Unarmed Combat
 * Level 16.5 Spellcasting
 * Level 15.7 Conjurations
   Level 1.3 Hexes
 + Level 0.5 Charms
 + Level 0.6 Summonings
 * Level 5.6 Translocations
 * Level 15.2 Fire Magic
 - Level 9.0 Ice Magic
 + Level 5.7 Air Magic
 + Level 0.1 Poison Magic
 + Level 5.9 Invocations
 + Level 1.2 Evocations


You had 2 spell levels left.
You knew the following spells:

 Your Spells              Type           Power        Failure   Level  Hunger
a - Flame Tongue          Conj/Fire      #####        0%          1    None
b - Orb of Destruction    Conj           #######...   1%          7    #####..
c - Bolt of Fire          Conj/Fire      #######...   1%          6    ###....
d - Sticky Flame          Conj/Fire      #######.     1%          4    None
e - Fireball              Conj/Fire      #######...   1%          5    None
f - Call Imp              Summ           ####....     1%          2    None
g - Iskenderun's Mystic   Conj           #######.     1%          4    None
h - Force Lance           Conj/Tloc      ######..     1%          4    None
i - Blink                 Tloc           N/A          1%          2    None
k - Mephitic Cloud        Conj/Pois/Air  ######..     1%          3    None
l - Deflect Missiles      Chrm/Air       #####.....   32%         6    ###....
m - Airstrike             Air            ######....   1%          4    None

Your spell library contained the following spells:

 Spells                   Type           Power        Failure   Level  Hunger
 Magic Dart               Conj           ####         0%          1    None
 Searing Ray              Conj           ######       0%          2    None
 Throw Flame              Conj/Fire      ######       0%          2    None
 Apportation              Tloc           ######       1%          1    None
 Confusing Touch          Hex            ####..       1%          1    None
 Freeze                   Ice            ####         1%          1    None
 Shock                    Conj/Air       ####         1%          1    None
 Sting                    Conj/Pois      ####         1%          1    None
 Summon Small Mammal      Summ           ####         1%          1    None
 Passwall                 Tmut/Erth      ###.....     1%          2    None
 Poisonous Vapours        Pois/Air       #####.       1%          2    None
 Slow                     Hex            ####....     1%          2    None
 Swiftness                Chrm/Air       #####...     1%          2    None
 Conjure Flame            Conj/Fire      #######.     0%          3    None
 Call Canine Familiar     Summ           ####....     1%          3    None
 Confuse                  Hex            ####....     1%          3    None
 Dazzling Spray           Conj/Hex       ######       1%          3    None
 Gell's Gravitas          Tloc           ######....   1%          3    None
 Inner Flame              Hex/Fire       ######..     1%          3    None
 Ozocubu's Armour         Chrm/Ice       ######..     1%          3    None
 Spectral Weapon          Hex/Chrm       ####....     1%          3    None
 Static Discharge         Conj/Air       ######..     1%          3    None
 Summon Guardian Golem    Hex/Summ       ####....     1%          3    None
 Fulminant Prism          Conj/Hex       ######....   1%          4    None
 Passage of Golubria      Tloc           N/A          1%          4    None
 Summon Ice Beast         Ice/Summ       ######..     1%          4    None
 Irradiate                Conj/Tmut      ######....   1%          5    None
 Lightning Bolt           Conj/Air       ######....   1%          5    None
 Venom Bolt               Conj/Pois      ######....   1%          5    None
 Conjure Ball Lightning   Conj/Air       ######....   1%          6    ###....
 Spider Form              Tmut/Pois      ###.......   2%          3    None
 Summon Lightning Spire   Summ/Air       #####...     2%          4    None
 Metabolic Englaciation   Hex/Ice        ######....   2%          5    None
 Cause Fear               Hex            ####......   4%          4    None
 Silence                  Hex/Air        #####.....   5%          5    None
 Summon Forest            Summ/Tloc      #####.....   6%          5    None
 Petrify                  Tmut/Erth      ###.....     9%          4    None
 Yara's Violent Unravell  Hex/Tmut       ####......   17%         5    None
 Lee's Rapid Deconstruct  Erth           ###.......   22%         5    None
 Darkness                 Hex            ####......   56%         6    ###....
 Invisibility             Hex            ####....     56%         6    ###....
 Fire Storm               Conj/Fire      #######...   78%         9    #######
 Disjunction              Tloc           ######....   99%         8    ######.
 Discord                  Hex            ####......   100%        8    ######.


Dungeon Overview and Level Annotations

Branches:
Dungeon (15/15)            Temple (1/1) D:4            Lair (6/6) D:10
 Shoals (4/4) Lair:4        Snake (4/4) Lair:2        Slime (0/5) Lair:6
    Orc (2/2) D:10            Elf (1/3) Orc:2        Vaults (0/5) D:13
  IceCv (visited)         Volcano (visited)         Gauntlet (visited)
 Depths: D:15

Altars:
Ashenzari
Cheibriados
Dithmenos
Elyvilon
Fedhas
Gozag
Hepliaklqana
Kikubaaqudgha
Makhleb
Nemelex Xobeh
Okawaru
Qazlal
Ru
Sif Muna
Trog
Uskayaw
Vehumet
Wu Jian
Xom
Yredelemnul
Zin
The Shining One
Jiyva

Shops:
D:4 [   D:8 !   D:14 *}[}=   Orc:2 *}:([   Shoals:2 ?   Shoals:3 [   Shoals:4 *
Snake:2 =}}

Annotations:
D:11 Urug
D:12 Frances


Innate Abilities, Weirdness & Mutations

You cannot wear most types of armour.
You are very stealthy in the water. (Stealth+)
You are amphibious.
You can wear up to eight rings at the same time.
You can use your tentacles to constrict eight enemies at once.
Your skin changes colour to match your surroundings (Stealth+).
Your rubbery body absorbs attacks. (AC +1, EV +1)


Message History

The deep elf mage blinks!
Unknown command.
You fade into invisibility!
You float gracefully downwards.
The deep elf mage completely misses you.
You block the fire elemental's attack. The deep elf mage casts a spell at you.
The shard of ice misses you.
The shard of ice hits the deep elf mage!!
You block the deep elf mage's attack.
A deep elf death mage comes into view. It is wielding a +0 short sword.
A +3 trident of piercing comes into view.
A deep elf knight comes into view. It is wielding a +0 short sword.
The deep elf archer shoots an arrow.
The arrow hits you!
* * * LOW HITPOINT WARNING * * *
The deep elf mage points at the fire elemental and mumbles some strange words.
The bolt of fire hits the fire elemental.
The fire elemental completely resists.
The bolt of fire hits you!! The fire burns you terribly!
You die...

..........# ..........#
e ..........# e ..
.%....)e.# #. ...
.......).##########...(
e......)(#(..§§§.##ee
#.......#§§§e§§§.#e#
####'####§§§§.§...##.
###'# ##..§.§.@..###
#+# .....##)..e...E...#
#.# ......#...§..Ee○..#
#.# ......#...§...°○..#
#.# ....:.##§§.......##
#'## .......#§§)§.....#
###..#
.......##§..§...##
#....####
........#..§....#
##'.....###
........####'####
##.#####...#


You could see a deep elf death mage (wandering), 2 deep elf archers, a deep elf
knight (wandering), 4 deep elf magi, 2 fire elementals and 2 dancing weapons.

Vanquished Creatures
  Saint Roka (Snake:2)
  Nikola (Shoals:2)
  An Ice Fiend (IceCv)
  A kraken (Shoals:3)
  Donald (Shoals:3)
  Ilsuiw (Shoals:4)
  6 nagarajas (Snake:4)
  A deep elf demonologist (Elf:1)
  The ghost of Wolfram the Frost Mage, a journeyman OpWn of Gozag (Lair:6)
  A minotaur (Gauntlet)
  5 merfolk javelineers
  An ettin (D:13)
  2 fire dragons (Lair:6)
  8 merfolk impalers
  Josephine (Shoals:1)
  Fannar (Lair:1)
  11 hydras
  Erica (D:8)
  2 centaur warriors (D:14)
  4 naga warriors
  2 merfolk avatars
  7 anacondas
  4 merfolk aquamancers (Shoals:4)
  2 dancing weapons (Elf:1)
  2 two-headed ogres (D:14)
  A death knight (D:14)
  3 alligator snapping turtles (Shoals:4)
  An orc high priest (Orc:2)
  3 death yaks (Lair:5)
  A tengu warrior (Gauntlet)
  3 satyrs
  10 naga sharpshooters
  2 shock serpents
  A sun demon (Volcano)
  2 skeletal warriors
  A deep elf knight (Elf:1)
  A salamander mystic (Snake:3)
  An unseen horror (D:11)
  A hell knight (Volcano)
  9 sea snakes
  A swamp dragon (Lair:6)
  A phantasmal warrior (D:14)
  7 naga ritualists
  3 lindwurms
  A necromancer (D:10)
  A deep elf archer (Elf:1)
  Pikel (D:7)
  2 harpies (Shoals:2)
  An orc knight (Orc:1)
  An orb spider (shapeshifter) (D:13)
  5 orc sorcerers (Orc:2)
  8 salamanders
  5 ugly things
  9 deep elf magi
  11 mana vipers
  11 fauns
  16 manticores
  A worldbinder (Gauntlet)
  5 oklob plants
  4 cyclopes
  An ice statue (IceCv)
  Maurice (D:8)
  26 black mambas
  3 water nymphs
  11 merfolk sirens
  5 centaur zombies
  5 torpor snails (Lair:6)
  A guardian serpent (Snake:3)
  2 molten gargoyles (Volcano)
  2 gargoyles
  Joseph (D:8)
  16 naga magi
  A kobold demonologist (D:14)
  11 spiny frogs
  4 rime drakes
  A golden dragon simulacrum (IceCv)
  6 anaconda simulacra (IceCv)
  5 komodo dragons
  4 freezing wraiths (IceCv)
  7 ice devils (IceCv)
  A tengu conjurer (Gauntlet)
  31 merfolk
  3 meliai (Gauntlet)
  13 trolls
  A red devil (Volcano)
  A wolf spider simulacrum (Lair:5)
  A polar bear (Lair:6)
  3 tyrant leeches (Lair:6)
  A queen bee (Lair:3)
  9 hornets
  Prince Ribbit (Lair:1)
  4 blink frogs (Lair:1)
  A harpy skeleton (D:15)
  6 wind drakes
  13 hippogriffs
  8 snapping turtles
  An air elemental (Elf:1)
  A spriggan (D:8)
  4 flying skulls
  5 shadows (D:10)
  A vampire (D:12)
  24 yaks
  8 wraiths
  3 basilisks
  9 water elementals
  A fire elemental (Elf:1)
  3 hungry ghosts
  6 dire elephant simulacra
  2 fire bats (Volcano)
  5 wyverns
  5 steam dragons
  A death yak simulacrum (IceCv)
  4 wargs
  4 harpy simulacra (IceCv)
  A hydra simulacrum (IceCv)
  2 acid dragons
  53 nagas
  21 water moccasins
  2 hell hounds (Volcano)
  10 porcupines
  A floating eye (shapeshifter) (Elf:1)
  22 orc warriors
  A phantom (D:11)
  4 sky beasts
  A hornet zombie (D:9)
  3 black bears
  2 ice beasts
  12 ogres
  2 ettin simulacra (IceCv)
  3 boggarts (Gauntlet)
  13 wolves
  7 centaurs
  14 crocodiles
  2 big kobolds
  21 bullfrogs
  An earth elemental (Elf:1)
  A spiny frog simulacrum (Lair:5)
  2 gnoll sergeants
  2 wyvern skeletons
  A water moccasin zombie (D:12)
  38 killer bees
  2 scorpions
  A rime drake simulacrum (Lair:5)
  4 wights (D:10)
  4 howler monkeys
  10 crimson imps
  2 bullfrog zombies
  6 jellies
  5 draconian simulacra (IceCv)
  7 lava snakes (Volcano)
  A quasit (D:9)
  12 centaur skeletons
  A hound (D:12)
  A water moccasin simulacrum (Lair:5)
  A gnoll shaman (D:7)
  25 orc priests
  Jessica (D:2)
  Natasha (thrice) (D:2)
  4 bullfrog skeletons
  7 iguanas
  43 orc wizards
  7 worker ants
  3 troll simulacra (IceCv)
  3 spriggan simulacra (IceCv)
  A centaur simulacrum (IceCv)
  A hound zombie (D:9)
  4 hound skeletons
  A howler monkey zombie (D:7)
  A worker ant zombie (D:10)
  21 adders
  21 gnolls
  4 naga simulacra (IceCv)
  A river rat (D:8)
  A shadow imp (D:6)
  4 white imps (IceCv)
  6 ufetubi (IceCv)
  5 oozes
  2 adder zombies
  A worm (D:3)
  3 adder skeletons
  3 dart slugs (D:3)
  6 leopard geckos
  71 orcs
  7 giant cockroaches
  7 goblins
  11 hobgoblins
  17 jackals
  10 kobolds
  8 quokkas
  6 ball pythons
  8 bats
  6 frilled lizards
  A quokka zombie (D:9)
  6 rats
  11 plants
1149 creatures vanquished.

Vanquished Creatures (collateral kills)
  A merfolk javelineer (Shoals:4)
  A merfolk aquamancer (Shoals:4)
2 creatures vanquished.

Vanquished Creatures (others)
  A deep elf archer (Elf:1)
  2 ball lightnings
  2 fulminant prisms
  6 fungi (Lair:1)
  37 plants
  4 tentacles (Shoals:3)
52 creatures vanquished.

Grand Total: 1203 creatures vanquished

Notes
Turn   | Place    | Note
-------+----------+-------------------------------------------
     0 | D:1      | Conn the Octopode Fire Elementalist began the quest for the
                  | Orb.
     0 | D:1      | Reached XP level 1. HP: 11/11 MP: 3/3
   441 | D:1      | Reached XP level 2. HP: 8/17 MP: 5/5
   879 | D:1      | Reached XP level 3. HP: 21/21 MP: 6/6
   884 | D:1      | Learned a level 3 spell: Conjure Flame
  1086 | D:2      | Noticed Natasha
  1091 | D:2      | Killed Natasha
  1169 | D:2      | You fall into a shaft and drop 1 floor!
  1179 | D:3      | Reached XP level 4. HP: 24/27 MP: 8/8
  1535 | D:3      | Reached skill level 1 in Fighting
  1728 | D:3      | Reached XP level 5. HP: 19/33 MP: 7/9
  1731 | D:3      | Reached skill level 1 in Shields
  1731 | D:3      | Reached skill level 3 in Spellcasting
  2171 | D:2      | Noticed Natasha
  2175 | D:2      | Killed Natasha
  2175 | D:2      | Reached XP level 6. HP: 27/39 MP: 3/10
  2180 | D:2      | Learned a level 3 spell: Inner Flame
  2276 | D:2      | Noticed Jessica
  2282 | D:2      | Killed Jessica
  2282 | D:2      | Reached skill level 1 in Short Blades
  2671 | D:2      | Noticed Natasha
  2679 | D:2      | Killed Natasha
  3773 | D:4      | Reached XP level 7. HP: 42/45 MP: 11/11
  3802 | D:4      | Found a staircase to the Ecumenical Temple.
  3881 | Temple   | Entered the Ecumenical Temple
  4009 | Temple   | Became a worshipper of Sif Muna the Loreminder
  4140 | D:4      | Found a sacrificial altar of Ru.
  4178 | D:4      | Found Juuny's Armour Shoppe.
  4792 | D:4      | Learned a level 4 spell: Sticky Flame
  4977 | D:5      | Entered Level 5 of the Dungeon
  5274 | D:5      | Reached skill level 4 in Spellcasting
  5387 | D:5      | Reached XP level 8. HP: 51/51 MP: 5/14
  5918 | D:5      | Reached skill level 5 in Stealth
  5918 | D:5      | Reached skill level 5 in Fire Magic
  6021 | D:6      | Reached * piety under Sif Muna
  6697 | D:6      | Learned a level 5 spell: Fireball
  6820 | D:7      | Noticed Pikel
  6917 | D:7      | Killed Pikel
  6917 | D:7      | Reached skill level 5 in Spellcasting
  6917 | D:7      | Reached XP level 9. HP: 26/58 MP: 13/16
  7182 | D:7      | Found a white marble altar of Elyvilon.
  7490 | D:8      | Noticed a gargoyle
  7498 | D:8      | Killed a gargoyle
  7615 | D:8      | Noticed Joseph
  7628 | D:8      | Killed Joseph
  7687 | D:8      | Noticed Erica
  8224 | D:8      | Noticed Maurice
  8233 | D:8      | Killed Maurice
  8233 | D:8      | Reached skill level 5 in Shields
  8233 | D:8      | Reached skill level 5 in Conjurations
  8233 | D:8      | Reached skill level 1 in Invocations
  8276 | D:8      | Killed Erica
  8276 | D:8      | Reached skill level 6 in Spellcasting
  8276 | D:8      | Reached XP level 10. HP: 52/65 MP: 2/19
  8544 | D:8      | Found Dipuest's Distillery.
  8547 | D:8      | Bought a potion of curing for 42 gold pieces
  8999 | D:9      | Reached skill level 5 in Fighting
  9008 | D:9      | Reached ** piety under Sif Muna
 10278 | D:9      | Reached XP level 11. HP: 69/72 MP: 21/21
 10407 | D:10     | Entered Level 10 of the Dungeon
 10435 | D:10     | Reached skill level 7 in Spellcasting
 10767 | D:10     | Found a glowing silver altar of Zin.
 11559 | D:11     | Noticed an unseen horror
 11564 | D:11     | Killed an unseen horror
 11570 | D:11     | Learned a level 2 spell: Call Imp
 11842 | D:11     | Noticed Urug
 11960 | D:11     | Found a shimmering altar of Xom.
 11960 | D:11     | Found a shimmering altar of Xom.
 11966 | D:11     | Found a shimmering altar of Xom.
 11966 | D:11     | Found a shimmering altar of Xom.
 11966 | D:11     | Found a shimmering altar of Xom.
 11967 | D:11     | Found a shimmering altar of Xom.
 11981 | D:11     | Noticed a purple ugly thing
 12035 | D:11     | Found a blossoming altar of Fedhas.
 12052 | D:11     | Noticed a white ugly thing
 12061 | D:11     | Killed a white ugly thing
 12061 | D:11     | Reached skill level 5 in Invocations
 12181 | D:11     | Killed a purple ugly thing
 12488 | D:11     | Reached skill level 8 in Spellcasting
 12856 | D:12     | Reached *** piety under Sif Muna
 12862 | D:12     | Noticed Frances
 13678 | D:12     | Noticed a green ugly thing
 13915 | D:12     | Reached XP level 12. HP: 77/77 MP: 7/24
 14572 | D:13     | Reached skill level 1 in Evocations
 14575 | D:13     | Noticed a four-headed hydra
 14578 | D:13     | Noticed an ettin
 14583 | D:13     | Killed a four-headed hydra
 14623 | D:13     | HP: 2/77 [troll (10)]
 14624 | D:13     | Reached skill level 9 in Spellcasting
 15709 | D:13     | Noticed a six-headed hydra
 15715 | D:13     | Killed a six-headed hydra
 15749 | D:13     | Reached **** piety under Sif Muna
 15770 | D:13     | Killed an ettin
 16318 | D:13     | Found a gate to the Vaults.
 16383 | D:14     | Noticed a centaur warrior
 16398 | D:14     | Killed a centaur warrior
 16472 | D:14     | Noticed a death knight
 16744 | D:14     | Noticed a two-headed ogre
 16759 | D:14     | Killed a two-headed ogre
 16759 | D:14     | Reached skill level 10 in Fire Magic
 16891 | D:14     | Found Tuane's Gadget Shop.
 16891 | D:14     | Found Iragoz Sotu's Antique Armour Shop.
 17094 | D:14     | Found Ateca's General Store.
 17241 | D:14     | Reached XP level 13. HP: 83/83 MP: 19/26
 17322 | D:14     | Reached skill level 10 in Spellcasting
 17865 | D:14     | Found Hinonemo's Gadget Emporium.
 18248 | D:14     | Found Zeompe's Jewellery Shoppe.
 18577 | D:14     | Bought an uncursed ring of magical power for 300 gold
                  | pieces
 18577 | D:14     | Bought a +3 ring of strength for 235 gold pieces
 18664 | D:15     | Entered Level 15 of the Dungeon
 18690 | D:15     | Reached skill level 10 in Conjurations
 19204 | D:12     | Found an opulent altar of Gozag.
 19805 | D:10     | Found a staircase to the Lair.
 20142 | D:10     | Learned a level 4 spell: Iskenderun's Mystic Blast
 20147 | D:10     | Learned a level 4 spell: Force Lance
 20233 | D:10     | Found a staircase to the Orcish Mines.
 21703 | Lair:1   | Entered Level 1 of the Lair of Beasts
 21746 | Lair:1   | Found a gate leading to a gauntlet.
 21755 | Gauntlet | Entered a Gauntlet
 21755 | Gauntlet | Found a transporter.
 21770 | Gauntlet | Found a transporter.
 21772 | Gauntlet | Found a transporter.
 21784 | Gauntlet | Found a transporter.
 21787 | Gauntlet | Found a transporter.
 21790 | Gauntlet | Found a runed translucent door.
 21791 | Gauntlet | Found a runed translucent door.
 21794 | Gauntlet | Found a transporter.
 21813 | Gauntlet | Found a transporter.
 21820 | Gauntlet | Found a transporter.
 21834 | Gauntlet | Found a transporter.
 21844 | Gauntlet | Found a transporter.
 21862 | Gauntlet | Found a transporter.
 21867 | Gauntlet | Found a transporter.
 21870 | Gauntlet | Found a transporter.
 21984 | Gauntlet | Found a runed translucent door.
 22005 | Gauntlet | Found a transporter.
 22176 | Gauntlet | Learned a level 4 spell: Fulminant Prism
 22376 | Gauntlet | Identified the ring of Ascent {Fire Stlth+}
 22376 | Gauntlet | Noticed a minotaur
 22388 | Gauntlet | Killed a minotaur
 22388 | Gauntlet | Reached skill level 11 in Spellcasting
 23190 | Lair:1   | Noticed Fannar
 23207 | Lair:1   | Killed Fannar
 23207 | Lair:1   | Reached XP level 14. HP: 90/90 MP: 26/29
 23208 | Lair:1   | Reached skill level 1 in Translocations
 23329 | Lair:1   | Noticed Prince Ribbit
 23334 | Lair:1   | Killed Prince Ribbit
 23842 | Lair:2   | Found a staircase to the Snake Pit.
 23850 | Lair:2   | Reached ***** piety under Sif Muna
 23854 | Lair:2   | Received a gift from Sif Muna
 24106 | Lair:2   | Learned a level 3 spell: Confuse
 24186 | Lair:2   | Learned a level 3 spell: Mephitic Cloud
 24822 | Lair:3   | Reached skill level 5 in Dodging
 25727 | Lair:3   | Learned a level 2 spell: Blink
 26027 | Lair:4   | Found a dark tunnel.
 26083 | Volcano  | Entered a volcano
 26401 | Volcano  | Found a burning altar of Makhleb.
 27011 | Lair:4   | Found a staircase to the Shoals.
 27015 | Lair:4   | Reached skill level 12 in Spellcasting
 27594 | Lair:5   | Found a transporter.
 28172 | Lair:5   | Found a transporter.
 28210 | Lair:5   | Reached skill level 5 in Short Blades
 28227 | Lair:5   | Got a pitted hat
 28238 | Lair:5   | Identified the +2 hat of the Vaults {Regen+ Str+3 SInv}
                  | (You found it on level 5 of the Lair of Beasts)
 28514 | Lair:6   | Entered Level 6 of the Lair of Beasts
 28514 | Lair:6   | Found a large runed translucent door.
 28514 | Lair:6   | Found a large runed translucent door.
 28555 | Lair:6   | Identified Sif Muna's Volume of Cloudy Bewitchment (Sif
                  | Muna gifted it to you on level 6 of the Lair of Beasts)
 28555 | Lair:6   | Received a gift from Sif Muna
 28641 | Lair:6   | Reached XP level 15. HP: 79/94 MP: 20/31
 29177 | Lair:6   | Reached skill level 1 in Hexes
 29681 | Lair:6   | Found a runed translucent door.
 29682 | Lair:6   | Found a viscous altar of Jiyva.
 29682 | Lair:6   | Found a staircase to the Slime Pits.
 29933 | Lair:6   | Found a runed translucent door.
 30766 | Lair:6   | Reached skill level 13 in Spellcasting
 30991 | Lair:6   | Noticed Wolfram's ghost (journeyman OpWn)
 31055 | Lair:6   | Killed Wolfram's ghost
 31494 | Orc:1    | Entered Level 1 of the Orcish Mines
 31503 | Orc:1    | Received a gift from Sif Muna
 31819 | Orc:2    | Entered Level 2 of the Orcish Mines
 31819 | Orc:2    | Found Yteni's Assorted Antiques.
 31900 | Orc:2    | Found a staircase to the Elven Halls.
 32752 | Orc:2    | Learned a level 6 spell: Deflect Missiles
 33014 | Orc:2    | Reached skill level 1 in Air Magic
 33121 | Orc:2    | Found Vufy's Weapon Emporium.
 33121 | Orc:2    | Found Jasuorph's Gadget Shoppe.
 33124 | Orc:2    | Found War Ocel's Book Shoppe.
 33126 | Orc:2    | Found Ykkiaduc's Armour Emporium.
 33136 | Orc:2    | Bought a manual of Ice Magic for 1656 gold pieces
 33729 | Shoals:1 | Entered Level 1 of the Shoals
 33960 | Shoals:1 | Reached skill level 1 in Ice Magic
 34205 | Shoals:1 | Noticed Josephine
 34209 | Shoals:1 | Killed Josephine
 34211 | Shoals:1 | Identified Sif Muna's Almanac of Shape Shifting and
                  | Confrontation (Sif Muna gifted it to you on level 1 of the
                  | Shoals)
 34211 | Shoals:1 | Received a gift from Sif Muna
 34660 | Shoals:2 | Noticed Nikola
 34669 | Shoals:2 | HP: 3/94 [Nikola/chain lightning (21)]
 34829 | Shoals:2 | Killed Nikola
 34829 | Shoals:2 | Reached XP level 16. HP: 95/100 MP: 4/33
 35656 | Shoals:2 | Reached skill level 14 in Spellcasting
 35670 | Shoals:2 | Found Orudom's Magic Scroll Shoppe.
 36298 | Shoals:3 | Noticed a kraken
 36310 | Shoals:3 | Killed a kraken
 36473 | Shoals:3 | Found Heolat's Antique Armour Boutique.
 36500 | Shoals:3 | Noticed Donald
 36520 | Shoals:3 | Killed Donald
 36881 | Shoals:3 | Bought a shiny buckler for 232 gold pieces
 36936 | Shoals:3 | Reached skill level 5 in Ice Magic
 37576 | Shoals:4 | Entered Level 4 of the Shoals
 37718 | Shoals:4 | Found Mfag's Merry Market.
 38910 | Shoals:4 | Noticed Ilsuiw
 39248 | Shoals:4 | Killed Ilsuiw
 39499 | Shoals:4 | Identified the +2 plate armour "Tanohud" {-Tele rElec rF+
                  | Int+7}
 39612 | Shoals:4 | Reached XP level 17. HP: 105/105 MP: 10/35
 39831 | Shoals:4 | Bought an uncursed amulet of magic regeneration for 360
                  | gold pieces
 39831 | Shoals:4 | Bought a potion of magic for 96 gold pieces
 39850 | Shoals:4 | Reached skill level 15 in Spellcasting
 40070 | Shoals:4 | Identified Sif Muna's Volume of the Compass
 40077 | Shoals:4 | Learned a level 4 spell: Airstrike
 40423 | Shoals:4 | Got a barnacled rune of Zot
 40535 | Shoals:4 | Identified Sif Muna's Almanac of Excruciating Cold (Sif
                  | Muna gifted it to you on level 4 of the Shoals)
 40535 | Shoals:4 | Received a gift from Sif Muna
 40815 | Snake:1  | Entered Level 1 of the Snake Pit
 41384 | Snake:2  | Noticed Saint Roka
 41397 | Snake:2  | Killed Saint Roka
 41397 | Snake:2  | Reached skill level 5 in Air Magic
 42564 | Snake:2  | Found Qaguhew's Gadget Boutique.
 42580 | Snake:2  | Found Eheihih's Jewellery Emporium.
 42581 | Snake:2  | Found Eseggaesm's Gadget Boutique.
 42894 | Snake:3  | Found a hazy altar of Hepliaklqana.
 43809 | Snake:3  | Learned a level 7 spell: Orb of Destruction
 43817 | Snake:3  | Found a blossoming altar of Fedhas.
 44448 | Snake:4  | Entered Level 4 of the Snake Pit
 44466 | Snake:4  | Reached XP level 18. HP: 110/110 MP: 37/37
 44601 | Snake:4  | Found a frozen archway.
 44607 | IceCv    | Entered an ice cave
 44730 | IceCv    | Identified Lehudib's Guide on Dusty Conjuration (Sif Muna
                  | gifted it to you in an ice cave)
 44730 | IceCv    | Received a gift from Sif Muna
 44742 | IceCv    | Learned a level 6 spell: Bolt of Fire
 44810 | IceCv    | Reached skill level 15 in Conjurations
 45147 | IceCv    | Noticed an Ice Fiend
 45153 | IceCv    | Killed an Ice Fiend
 45153 | IceCv    | Reached skill level 16 in Spellcasting
 45457 | Snake:4  | Reached skill level 5 in Translocations
 46235 | Snake:4  | Reached skill level 15 in Fire Magic
 46298 | Snake:4  | Received a gift from Sif Muna
 46684 | Snake:4  | Got a serpentine rune of Zot
 47023 | Elf:1    | Entered Level 1 of the Elven Halls
 47120 | Elf:1    | Found a radiant altar of Vehumet.
 47397 | Elf:1    | Killed from afar by a deep elf mage

Levels and vault maps discovered:
D:1:      sevenhm_arrival_forest_fort_small_4, layout_basic,
          minmay_misc_feat_alley
D:2:      layout_basic, uniq_jessica, uniq_natasha
D:3:      minmay_thinvault, layout_loops_ring, first_ration
D:4:      layout_basic, minmay_temple_entry_glass, serial_shops, shop,
          minmay_misc_feat_ornament, minmay_misc_feat_roman,
          nicolae_ru_path_of_blood
D:5:      wad_crossroads, layout_layer_cave
D:6:      layout_basic
D:7:      layout_cave_pools, elyvilon_altar_3, uniq_pikel
D:8:      layout_gridville, serial_shops, kennysheep_mini, the_bakery,
          uniq_maurice, uniq_joseph, uniq_erica
D:9:      layout_stronghold
D:10:     hangedman_screamer, layout_grid_maze, erik_lair_orcish_takeover,
          orc_0_dummy, basic_altar
D:11:     layout_stronghold, basic_altar, xom_redecorated, uniq_urug
D:12:     layout_small_grid, nrook_campfire, skrybe_limestone_x,
          nicolae_gozag_cash_rules_everything_around_me, uniq_frances
D:13:     layout_stronghold, david_vaults_4
D:14:     layout_basic, serial_shops, nicolae_shop_trees, shop, shop, shop,
          nicolae_shop_stone
D:15:     grunt_enter_depths_snipers, layout_long_grid,
          minmay_misc_feat_more_columns, uniq_rupert, uniq_kirke
Temple:   regret_index_temple_sigil_plot
Lair:1:   layout_cave_pods, gauntlet_entry_generic, uniq_prince_ribbit2,
          uniq_fannar
Lair:2:   layout_long_grid, minmay_snake_entry_six_corridors
Lair:3:   layout_roguey [special_room_bee]
Lair:4:   layout_hall_layers, elwin_shoals_entry_stream,
          nicolae_volcano_entry_vermiform, serial_bayou_pond_a,
          serial_bayou_pond_d, serial_bayou_ford_a
Lair:5:   gammafunk_cloud_chamber, layout_regular_city, grunt_megastairs_1
Lair:6:   guppyfry_lair_end_dragon, layout_regular_city, wormcave,
          slime_altar_2, ebering_ghost_disaster_area, minmay_lair_oklob_chamber,
          infiniplex_staircase_pool_2
Shoals:1: layout_shoals, uniq_josephine
Shoals:2: layout_shoals, serial_shops, nicolae_shop_crystal,
          nicolae_shoals_siren_and_animal_friends, uniq_nikola
Shoals:3: layout_shoals, serial_shops, shop_statue, uniq_donald
Shoals:4: shoals_end_simple, layout_shoals, shoals_ilsuiw_ice,
          nicolae_alphabet_shops
Snake:1:  layout_gridlike
Snake:2:  layout_layer_cave, serial_bayou_crossing, serial_bayou_shore_b,
          minmay_shop_grove, grunt_megastairs_4, uniq_saint_roka
Snake:3:  layout_layer_cave, basic_altar, lemuel_oklob_altar
Snake:4:  minmay_snake_end_coiled, layout_cave_shapes,
          portal_ice_cave_entry_pillars_1, grunt_megastairs_5
Orc:1:    layout_caves
Orc:2:    st_orc_mages, layout_caves, serial_shops, shop
Elf:1:    eino_elf_arrival_altar, layout_geoelf_octagon, hangedman_elf_disciples

Skill      XL: |  1  2  3  4  5  6  7  8  9 10 11 12 13 14 15 16 17 18 |
---------------+-------------------------------------------------------+-----
Stealth        | 3 4 5 6 7 |  7.1
Fighting       | 1 2 3 4 5 6 |  6.2
Shields        | 1 2 4 5 6 7 |  7.0
Spellcasting   | 3 4 5 6 8 9 11 12 13 14 15 16 | 16.5
Fire Magic     | 4 5 6 7 8 10 11 12 13 14 15 | 15.2
Short Blades   | 1 2 3 4 5 |  5.1
Conjurations   | 2 3 4 5 7 9 11 12 13 14 15 | 15.7
Dodging        | 3 4 5 |  5.7
Invocations    | 2 4 5 |  5.9
Evocations     | 1 |  1.2
Translocations | 2 4 5 |  5.6
Hexes          | 1 |  1.3
Air Magic      | 2 4 5 |  5.7
Ice Magic      | 2 7 9 |  9.0
Unarmed Combat | |  0.7
Charms         | |  0.5
Summonings     | |  0.6
Poison Magic   | |  0.1

Action                   |  1- 3 |  4- 6 |  7- 9 | 10-12 | 13-15 | 16-18 || total
-------------------------+-------+-------+-------+-------+-------+-------++-------
Melee: Unarmed           |     5 |       |     7 |     6 |       |       ||    18
       Constrict         |     3 |    27 |    25 |    23 |    25 |     4 ||   107
       Tentacles         |     2 |    13 |    17 |    26 |    45 |     2 ||   105
       Dagger            |     5 |    97 |   111 |   171 |   168 |       ||   552
       Punch             |       |       |       |     1 |       |       ||     1
       Staff             |       |       |       |       |     8 |    13 ||    21
Throw: Boomerang         |       |       |       |     1 |       |       ||     1
       Dart              |       |       |       |       |       |     1 ||     1
 Cast: Flame Tongue      |    36 |    85 |   100 |   228 |   227 |    33 ||   709
       Conjure Flame     |       |     5 |     7 |    13 |    10 |       ||    35
       Inner Flame       |       |     1 |     3 |     4 |     3 |       ||    11
       Sticky Flame      |       |       |     7 |    46 |    83 |    19 ||   155
       Fireball          |       |       |     5 |    75 |   298 |   515 ||   893
       Call Imp          |       |       |       |     2 |     2 |       ||     4
       Force Lance       |       |       |       |       |    49 |    61 ||   110
       Iskenderun's Myst |       |       |       |       |    54 |    39 ||    93
       Fulminant Prism   |       |       |       |       |     2 |       ||     2
       Mephitic Cloud    |       |       |       |       |    12 |    12 ||    24
       Blink             |       |       |       |       |     2 |    22 ||    24
       Confuse           |       |       |       |       |    11 |     2 ||    13
       Deflect Missiles  |       |       |       |       |     1 |     8 ||     9
       Bolt of Fire      |       |       |       |       |       |     6 ||     6
       Airstrike         |       |       |       |       |       |     4 ||     4
       Orb of Destructio |       |       |       |       |       |     1 ||     1
Invok: Channel Magic     |       |       |       |     3 |     8 |    10 ||    21
       Forget Spell      |       |       |       |       |     1 |     1 ||     2
       Divine Exegesis   |       |       |       |       |       |     1 ||     1
Evoke: Wand              |       |       |     3 |    11 |     9 |       ||    23
  Use: Potion            |       |     1 |     8 |     7 |    10 |     6 ||    32
       Scroll            |       |       |     7 |    11 |    16 |    15 ||    49
 Stab: Sleeping          |     2 |    16 |    12 |    23 |    24 |       ||    77
       Distracted        |       |       |     1 |     1 |     2 |       ||     4
       Invisible         |       |       |     2 |       |       |       ||     2
       Confused          |       |       |       |       |     4 |     1 ||     5
  Eat: Chunk             |     1 |     9 |     8 |    29 |    52 |    23 ||   122
       Ration            |       |       |     2 |     6 |     8 |     7 ||    23
Armor: Skin              |       |     5 |     3 |    16 |    30 |    36 ||    90
Dodge: Dodged            |    21 |    46 |    77 |   218 |   232 |   174 ||   768
       Deflected         |       |       |       |       |     2 |    35 ||    37
Block: Buckler           |       |    16 |    20 |    74 |   107 |    90 ||   307

Table legend:
 A = Non-vault XP
 B = Vault XP
 C = Vault XP percentage of total XP
 D = Non-vault monster count
 E = Vault monster count
 F = Vault count percentage of total count
                 A         B        C        D         E       F
            +---------+---------+-------+---------+---------+-------
      Total |  161078 |  142203 |  46.9 |     691 |     450 |  39.4
            +---------+---------+-------+---------+---------+-------
        D:1 |      36 |       0 |   0.0 |      22 |       0 |   0.0
        D:2 |     132 |      74 |  35.9 |      21 |       2 |   8.7
        D:3 |     262 |      63 |  19.4 |      38 |      19 |  33.3
        D:4 |     307 |       0 |   0.0 |      13 |       0 |   0.0
        D:5 |     417 |     153 |  26.8 |       8 |       4 |  33.3
        D:6 |     409 |       0 |   0.0 |      17 |       0 |   0.0
        D:7 |     566 |     617 |  52.2 |      15 |       1 |   6.2
        D:8 |     803 |    2051 |  71.9 |      11 |       4 |  26.7
        D:9 |    3355 |     245 |   6.8 |      29 |       1 |   3.3
       D:10 |    3092 |    6155 |  66.6 |      20 |      40 |  66.7
       D:11 |    4396 |     170 |   3.7 |      36 |       1 |   2.7
       D:12 |    5102 |       0 |   0.0 |      46 |       0 |   0.0
       D:13 |    4936 |    2873 |  36.8 |      25 |       4 |  13.8
       D:14 |    9814 |       0 |   0.0 |      38 |       0 |   0.0
       D:15 |    1045 |       0 |   0.0 |       4 |       0 |   0.0
     Lair:1 |    4635 |    2315 |  33.3 |      27 |       6 |  18.2
     Lair:2 |    2392 |    2050 |  46.2 |      17 |      18 |  51.4
     Lair:3 |    2796 |    1801 |  39.2 |      11 |      26 |  70.3
     Lair:4 |    1985 |    2552 |  56.2 |       9 |       5 |  35.7
     Lair:5 |    6344 |    1721 |  21.3 |      15 |       7 |  31.8
     Lair:6 |    7901 |   16981 |  68.2 |      25 |      47 |  65.3
   Shoals:1 |    3767 |    1660 |  30.6 |       9 |       4 |  30.8
   Shoals:2 |   10297 |    8380 |  44.9 |      22 |      10 |  31.2
   Shoals:3 |   14541 |    2395 |  14.1 |      25 |       2 |   7.4
   Shoals:4 |   13356 |   27306 |  67.2 |      27 |      43 |  61.4
    Snake:1 |    4362 |       0 |   0.0 |       7 |       0 |   0.0
    Snake:2 |   11376 |    8467 |  42.7 |      24 |      21 |  46.7
    Snake:3 |   17399 |     565 |   3.1 |      38 |       1 |   2.6
    Snake:4 |   13534 |   24306 |  64.2 |      26 |      46 |  63.9
      Orc:1 |    2309 |       0 |   0.0 |      25 |       0 |   0.0
      Orc:2 |    2868 |    5027 |  63.7 |      26 |      45 |  63.4
      Elf:1 |    6544 |    3560 |  35.2 |      15 |       7 |  31.8
      IceCv |       0 |   12320 | 100.0 |       0 |      59 | 100.0
    Volcano |       0 |    4240 | 100.0 |       0 |      17 | 100.0
   Gauntlet |       0 |    4156 | 100.0 |       0 |      10 | 100.0
            +---------+---------+-------+---------+---------+-------
